 Dungeon Crawl Stone Soup version 0.28.0 (webtiles) character file.

Game seed: 6747215100017906878

6 Prodoman the Magician (level 1, -1/13 HPs)
             Began as a Demonspawn Hedge Wizard on Feb 4, 2022.
             Slain by a quokka (2 damage)
             ... on level 1 of the Dungeon.
             The game lasted 00:00:58 (195 turns).

Prodoman the Magician (Demonspawn Hedge Wizard)      Turns: 195, Time: 00:01:00

Health: -1/13      AC:  2    Str: 10    XL:     1   Next: 75%
Magic:  1/4        EV: 12    Int: 15    God:
Gold:   6          SH:  0    Dex: 12    Spells: 5/6 levels left

rFire   . . .      SeeInvis .   a - +0 dagger
rCold   . . .      Faith    .   (no shield)
rNeg    . . .      Spirit   .   b - +0 robe
rPois   .          Reflect  .   c - +0 hat
rElec   .          Harm     .   (no cloak)
rCorr   .          Rampage  .   (no gloves)
Will    .....                   (no boots)
Stlth   ++........              (no amulet)
HPRegen 0.04/turn               (no ring)
MPRegen 0.09/turn               (no ring)

@: no status effects
A: no striking features
a: no special abilities


You were on level 1 of the Dungeon.
You visited 1 branch of the dungeon, and saw 1 of its levels.

You collected 6 gold pieces.

Inventory:

Hand Weapons
 a - a +0 dagger (weapon)
Armour
 b - a +0 robe (worn)
 c - a +0 hat (worn)


   Skills:
 + Level 1.8 Dodging
 + Level 1.8 Stealth
 * Level 3.1 Spellcasting
 + Level 1.1 Conjurations
 + Level 1.1 Summonings
 + Level 1.0 Translocations


You had 5 spell levels left.
You knew the following spells:

 Your Spells              Type           Power      Damage    Failure   Level
a - Magic Dart            Conj           20%        1d4       13%         1

Your spell library contained the following spells:

 Spells                   Type           Power      Damage    Failure   Level
 Blink                    Tloc           10%        N/A       19%         2
 Call Imp                 Summ           5%         N/A       19%         2
 Slow                     Hex            8%         N/A       21%         1
 Conjure Flame            Conj/Fire      4%         6-21      43%         3
 Mephitic Cloud           Conj/Pois/Air  3%         N/A       45%         3


Dungeon Overview and Level Annotations

Branches:
Dungeon (1/15)

Altars:


Message History

You don't have enough magic to cast this spell.
Unknown command.
Hit: a) +0 dagger
Press: ? - help, Dir - move target, f - quokka
Aim: a quokka (about 49% to evade your +0 dagger)
You closely miss the quokka. The quokka barely misses you.
Hit: a) +0 dagger
Press: ? - help, Dir - move target, f/p - quokka
Aim: a quokka (about 49% to evade your +0 dagger)
You closely miss the quokka. The quokka bites you.
Hit: a) +0 dagger
Press: ? - help, Dir - move target, f/p - quokka
Aim: a quokka (about 49% to evade your +0 dagger)
You closely miss the quokka. The quokka bites you.
The quokka twitches its whiskers.
The quokka barely misses you.
Hit: a) +0 dagger
Press: ? - help, Dir - move target, f/p - quokka
Aim: a quokka (about 49% to evade your +0 dagger)
You barely miss the quokka. The quokka bites you.
Hit: a) +0 dagger
Press: ? - help, Dir - move target, f/p - quokka
Aim: a quokka (about 49% to evade your +0 dagger)
You barely miss the quokka. The quokka bites you.
* * * LOW HITPOINT WARNING * * *
Hit: a) +0 dagger
Press: ? - help, Dir - move target, f/p - quokka
Aim: a quokka (about 49% to evade your +0 dagger)
You hit the quokka.
The quokka is moderately wounded.
The quokka barely misses you.
Casting: Magic Dart (safe; 13% risk of failure)
Confirm with . or Enter, or press ? or * to list all spells.
Aiming: Magic Dart (safe; 13% risk of failure)
Press: ? - help, Shift-Dir - straight line, f/p - quokka
Aim: a quokka (moderately wounded, 100% to hit)
The magic dart hits the quokka but does no damage.
The quokka is moderately wounded.
The quokka bites you.
You die...

#########
........#####
........#...###
....(...#.....#
........#.#.#>###
........###.....#
......r@....#.#.#
............#.#.#
........#.#.#+#.#
#.#####.#.#.....# #
#.#.#.....#
#...#.....######.#
########.#.#........#
.........#.##########
.#########.####


You could see a quokka.

Vanquished Creatures
  A dart slug (D:1)
  2 endoplasms (D:1)
  A rat (D:1)
4 creatures vanquished.

Notes
Turn   | Place    | Note
-------+----------+-------------------------------------------
     0 | D:1      | Prodoman the Demonspawn Hedge Wizard began the quest for
                  | the Orb.
     0 | D:1      | Reached XP level 1. HP: 13/13 MP: 4/4
    67 | D:1      | Reached skill level 1 in Translocations
   195 | D:1      | Slain by a quokka

Illustrated notes

Levels and vault maps discovered:
D:1:      dpeg_arrival_round_b, layout_basic

Skill      XL: |  1 |
---------------+----+-----
Translocations | 1 |  1.0
Dodging        | |  1.8
Stealth        | |  1.8
Spellcasting   | |  3.1
Conjurations   | |  1.1
Summonings     | |  1.1

Action                   || total
-------------------------++-------
Melee: Dagger            ||    10
       Punch             ||     1
 Cast: Magic Dart        ||    13
Dodge: Dodged            ||     4
